AoeStats
← RedPhosphoru

Arabian Desert

510242018Analyzed
1v1 RM · 1d ago on Sep 30, 2026· 20m 55s· 2 players
Game mode
Random Map
Map size
Tiny (2 player)
Population
200
Speed
Normal
Resources
Standard
Victory
Conquest
Starting age
Dark Age
Ending age
Imperial Age
RankedLock teamsTeams togetherTeam positionsShared explorationLock speedFull tech treeHidden civsTurbo modeCheats
Victory
Defeat
🇦🇷 Celts · Argentina
2082
+28
🇺🇸 Mongols · United States
2399
-28
_Platense
6:05 Loom
8:39 Feudal Age
8:52 Man-at-Arms
19:34 Castle Age
19:26 Double-Bit Axe
19:55 Forging
RedPhosphoru
9:05 Feudal Age
7:55 Loom
13:19 Castle Age
Connection lost

Rejoining the realm…

Still unreachable

The connection could not be restored.

Session expired

The server has moved on; the page needs a fresh start.